 Dungeon Crawl Stone Soup version 0.27-a0-385-g3208abaabc (webtiles) character file.

Game seed: 2214963146551597282

29 dolemite99 the Chopper (level 3, -4/29 (31) HPs)
             Began as a Minotaur Delver on Feb 20, 2021.
             Slain by a necrophage (5 damage)
             ... on level 4 of the Dungeon.
             The game lasted 00:00:38 (683 turns).

dolemite99 the Chopper (Minotaur Delver)             Turns: 683, Time: 00:00:38

HP:   -4/29 (31)    AC:  3    Str: 17    XL:     3   Next: 1%
MP:   2/2           EV: 12    Int:  7    God:
Gold: 0             SH:  0    Dex: 11    Spells: 2/2 levels left

rFire    . . .     SeeInvis .   a - +0 hand axe
rCold    . . .     Faith    .   (no shield)
rNeg     . . .     Spirit   .   b - +0 leather armour
rPois    .         Reflect  .   (helmet restricted)
rElec    .         Harm     .   (no cloak)
rCorr    .         Rampage  .   (no gloves)
Will     .....                  (no boots)
Stlth    ++........             (no amulet)
HPRegen  0.09/turn              (no ring)
MPRegen  0.08/turn              (no ring)

@: hasted, drained, very quick
A: retaliatory headbutt, horns 2
a: no special abilities


You were on level 4 of the Dungeon.
You visited 1 branch of the dungeon, and saw 2 of its levels.

Inventory:

Hand Weapons
 a - a +0 hand axe (weapon)
Armour
 b - a +0 leather armour (worn)
Wands
 g - a wand of digging (3)
Scrolls
 c - a scroll of fog
 d - a scroll of magic mapping
 e - a scroll of fear


   Skills:
 - Level 3.6 Fighting
 + Level 4.3 Axes
 - Level 2.1 Dodging
 - Level 4.1 Stealth


You had 2 spell levels left.
You didn't know any spells.
Your spell library was empty.

Dungeon Overview and Level Annotations

Branches:
Dungeon (5/15)
 Temple: D:4-7

Altars:


Innate Abilities, Weirdness & Mutations

You reflexively headbutt those who attack you in melee.
You have a pair of horns on your head.


Message History

The worker ant bites you.
You barely miss the worker ant.
The worker ant is severely wounded.
The worker ant barely misses you.
You barely miss the worker ant.
The worker ant is severely wounded.
The worker ant bites you but does no damage.
The worker ant misses you.
You closely miss the worker ant.
The worker ant is severely wounded.
The worker ant bites you.
You hit the worker ant.
You kill the worker ant!
Your Axes skill increases to level 4!
You have reached level 2!
You have reached level 3!
Your experience leads to an increase in your attributes!
Increase (S)trength, (I)ntelligence, or (D)exterity?
You feel stronger.
You hit the necrophage.
The necrophage is lightly damaged.
The necrophage misses you. You furiously retaliate!
You headbutt the necrophage! You closely miss the necrophage.
Your headbutt misses the necrophage.
The necrophage is moderately damaged.
The necrophage hits you.
You hit the necrophage. You headbutt the necrophage!
The necrophage is almost destroyed.
The necrophage hits you.
You feel drained.
You barely miss the necrophage.
The necrophage is severely damaged.
The necrophage misses you.
You barely miss the necrophage. Your headbutt misses the necrophage.
The necrophage is severely damaged.
The necrophage hits you.
* * * LOW HITPOINT WARNING * * *
You feel drained. The necrophage hits you.
* * * LOW HITPOINT WARNING * * *
You feel yourself speed up. The necrophage hits you.
You die...

.....#+###+##+#
#......#......#
#..... #......#
#..... +......#
#..... #..##'##
#....#######.####
#....#.....#....#
#....n.....#....#
####...@#######'#..#
.................###
.................#
.................#
...........>.....#
.................#
#########........#
#....##### #....#


You could see a necrophage.

Vanquished Creatures
  A worker ant (D:4)
  An ufetubus (D:4)
  A frilled lizard (D:4)
  A jackal skeleton (D:4)
4 creatures vanquished.

Notes
Turn   | Place    | Note
-------+----------+-------------------------------------------
     0 | D:5      | dolemite99 the Minotaur Delver began the quest for the Orb.
     0 | D:5      | Reached XP level 1. HP: 19/19 MP: 0/0
   573 | D:4      | Noticed a hound
   671 | D:4      | Noticed a worker ant
   671 | D:4      | Noticed a necrophage
   677 | D:4      | Killed a worker ant
   678 | D:4      | Reached XP level 2. HP: 20/26 MP: 1/1
   678 | D:4      | Reached XP level 3. HP: 24/31 MP: 2/2
   682 | D:4      | HP: 1/29 [necrophage (5)]
   683 | D:4      | Slain by a necrophage

Illustrated notes

Levels and vault maps discovered:
D:4:      layout_gridville, serial_shops, shop, amcnicky_altar_gilded
D:5:      layout_cave_pods, lemuel_crystal_altar, uniq_menkaure, uniq_eustachio,
          uniq_edmund

Skill      XL: |  1 |
---------------+----+-----
Axes           | 4 |  4.3
Fighting       | |  3.6
Dodging        | |  2.1
Stealth        | |  4.1

Action                   || total
-------------------------++-------
Melee: Hand axe          ||    24
       Headbutt          ||     4
  Use: Potion            ||     1
Armor: Leather armour    ||     9
Dodge: Dodged            ||    30

Table legend: (Time is in decaauts)
 A = Elapsed time spent in this place.
 B = Non-inter-level travel time spent in this place.
 C = Inter-level travel time spent in this place.
 D = Time resting spent in this place.
 E = Time spent auto-exploring this place.
 F = Levels seen in this place.
 G = Mean time per level.
                   A        B        C        D        E       F      G
               +--------+--------+--------+--------+--------+-----+--------+
         Total |    687 |    687 |      0 |    539 |     67 |   2 |  343.5 |
       Dungeon |    687 |    687 |      0 |    539 |     67 |   2 |  343.5 |
               +--------+--------+--------+--------+--------+-----+--------+

Top non-repeatable levels by time:
     D:4: 596 daAuts
     D:5: 91 daAuts
